 Dungeon Crawl Stone Soup version 0.31-a0-321-g19405a7a6a (webtiles) character file.

Game seed: 14586305800053611789

1841 Strat the Fighter (level 9, -4/85 HPs)
             Began as a Hill Orc Gladiator on July 17, 2023.
             Slain by an iguana (9 damage)
             ... on level 6 of the Dungeon.
             The game lasted 00:14:30 (7174 turns).

Strat the Fighter (Hill Orc Gladiator)              Turns: 7174, Time: 00:14:30

Health: -4/85      AC: 13    Str: 21    XL:     9   Next: 12%
Magic:  9/9        EV: 10    Int:  8    God:
Gold:   258        SH:  0    Dex: 12    Spells: 8/8 levels left

rFire   . . .        b - +4 dire flail (heavy)
rCold   . . .        (shield currently unavailable)
rNeg    . . .        q - +0 scale mail
rPois   .            c - +0 helmet
rElec   .            (no cloak)
rCorr   .            t - +0 pair of gloves
SInv    .            B - +1 pair of boots
Will    ++...        (no amulet) Stlth
                     j - ring of willpower
HPRegen 0.34/turn    (no ring)
MPRegen 0.11/turn

%: no passive effects
@: lethally poisoned (-4 -> -15), enlightened, flying, invisible
A: no striking features
a: no special abilities


You were on level 6 of the Dungeon.
You visited 2 branches of the dungeon, and saw 7 of its levels.

You collected 258 gold pieces.

Inventory:

Hand Weapons
 a - a +0 flail of freezing
 b - a +4 heavy dire flail (weapon)
 s - a +1 vampiric trident
 w - a +0 morningstar
Missiles
 d - 3 throwing nets
 e - a javelin
 l - 41 stones (quivered)
 p - 19 poisoned darts
Armour
 c - a +0 helmet (worn)
 q - a +0 scale mail (worn)
 t - a +0 pair of gloves (worn)
 B - a +1 pair of boots (worn)
Jewellery
 j - a ring of willpower (left hand)
Wands
 h - a wand of charming (8)
 y - a wand of roots (9)
Scrolls
 f - a scroll of revelation
 g - 4 scrolls of identify
 k - a scroll of amnesia {unknown}
 o - a scroll of teleportation
 r - a scroll of poison
Potions
 m - a potion of enlightenment
 u - a potion of mutation {unknown}
 v - 2 potions of brilliance
 z - a potion of degeneration {unknown}
 A - a potion of lignification {unknown}


   Skills:
 - Level 10.0 Fighting
 - Level 3.2 Maces & Flails
 - Level 3.0 Throwing
 + Level 8.4 Armour
 - Level 2.4 Dodging


You had 8 spell levels left.
You didn't know any spells.
Your spell library contained the following spells:

 Spells                   Type           Power      Damage    Failure   Level
 Volatile Blastmotes      Fire/Tloc      0%         2d10      97%         3
 Fulminant Prism          Conj/Hex       0%         3d5       100%        4
 Iskenderun's Mystic Bla  Conj/Tloc      0%         2d3       100%        4


Dungeon Overview and Level Annotations

Branches:
Dungeon (6/15)             Temple (1/1) D:5

Altars:
Ashenzari
Dithmenos
Elyvilon
Fedhas
Gozag
Hepliaklqana
Kikubaaqudgha
Makhleb
Qazlal
Sif Muna
Trog
Vehumet
Wu Jian
Yredelemnul
Zin
The Shining One


Message History

The killer bee is moderately wounded.
You feel very sick.
The killer bee stings you but does no damage.
The killer bee stings you.
* * * LOW HITPOINT WARNING * * *
You are more poisoned.
The killer bee poisons you! The iguana bites you.
* * * LOW HITPOINT WARNING * * *
The killer bee stings you but does no damage.
The iguana bites you but does no damage.
The killer bee barely misses you.
It was a potion of enlightenment.
You feel very buoyant.
You fly up into the air.
You feel very sick.
The killer bee stings you but does no damage.
The iguana completely misses you. The killer bee barely misses you.
It was a potion of magic.
Magic courses through your body.
You feel sick.
The killer bee stings you but does no damage.
The iguana bites you!
* * * LOW HITPOINT WARNING * * *
The killer bee stings you but does no damage.
You hit the killer bee.
The killer bee is severely wounded.
You feel very sick.
The killer bee stings you but does no damage.
The killer bee stings you.
* * * LOW HITPOINT WARNING * * *
The iguana barely misses you. The killer bee stings you.
* * * LOW HITPOINT WARNING * * *
You are lethally poisoned!
The killer bee poisons you!
The iguana bites you but does no damage.
It was a potion of invisibility.
You fade into invisibility!
* * * LOW HITPOINT WARNING * * *
You feel very sick. The killer bee barely misses you.
The killer bee closely misses you. The iguana bites you!
You die...

....######..### ###........#
.....## #..## #.##.....#
...#..###.#########.##.....#
..###.##..###..[†...#......#
..............###..........#
....)..........#..####.....#
#....................#.....#
.....................#.....≈
...............y@....#####..≈
................l....#
....#................#
[..##..........#######
...##.......##.#
...########......# ...#
#####....# ...# ###l.# ...#
##


You could see an iguana (unable to see you) and a killer bee (unable to see
you).

Vanquished Creatures
  Sigmund (D:5)
  Eustachio (D:4)
  A steam dragon (D:6)
  2 ice beasts
  An ogre (D:6)
  A phantom (D:5)
  Blork the orc (D:4)
  A bullfrog (D:6)
  A scorpion (D:5)
  7 killer bees (D:6)
  An orc priest (D:4)
  3 hounds
  A sleepcap (D:6)
  2 iguanas
  Natasha (thrice) (D:4)
  4 orc wizards
  6 adders
  A gnoll (D:2)
  A shadow imp (D:5)
  3 ufetubi
  2 worms
  3 dart slugs
  24 orcs
  3 ball pythons
  4 bats
  5 endoplasms
  5 goblins
  5 hobgoblins
  6 quokkas
  6 frilled lizards
  8 kobolds
  4 rats
117 creatures vanquished.

Vanquished Creatures (others)
  A killer bee (D:6)
1 creature vanquished.

Grand Total: 118 creatures vanquished

Notes
Turn   | Place    | Note
-------+----------+-------------------------------------------
     0 | D:1      | Strat the Hill Orc Gladiator began the quest for the Orb.
     0 | D:1      | Reached XP level 1. HP: 18/18 MP: 1/1
   322 | D:1      | Reached skill level 3 in Fighting
   488 | D:1      | Reached XP level 2. HP: 26/26 MP: 2/2
  1398 | D:2      | Reached XP level 3. HP: 28/31 MP: 3/3
  1610 | D:2      | Found a faded altar of an unknown god.
  1810 | D:2      | Reached skill level 4 in Fighting
  2120 | D:3      | Reached XP level 4. HP: 27/41 MP: 4/4
  2983 | D:3      | Reached skill level 5 in Fighting
  2995 | D:3      | Reached XP level 5. HP: 46/48 MP: 5/5
  3601 | D:3      | Found an ornate altar of the Wu Jian Council.
  3608 | D:3      | Noticed a spectral centipede
  3608 | D:3      | Noticed a spectral black mamba
  3608 | D:3      | Noticed a spectral cane toad
  3662 | D:4      | Found a hazy altar of Hepliaklqana.
  3915 | D:4      | Noticed Blork the orc
  3954 | D:4      | Noticed Natasha
  3956 | D:4      | Killed Natasha
  3957 | D:4      | Reached skill level 6 in Fighting
  4035 | D:4      | Reached skill level 1 in Armour
  4035 | D:4      | Reached XP level 6. HP: 43/57 MP: 6/6
  4211 | D:4      | Killed Blork the orc
  4300 | D:4      | Noticed Eustachio
  4331 | D:4      | Killed Eustachio
  4332 | D:4      | Reached skill level 7 in Fighting
  4332 | D:4      | Reached XP level 7. HP: 40/66 MP: 7/7
  4448 | D:4      | Noticed Natasha
  4451 | D:4      | Killed Natasha
  4764 | D:4      | Noticed Natasha
  4779 | D:4      | Killed Natasha
  4844 | D:5      | Entered Level 5 of the Dungeon
  5040 | D:5      | Reached skill level 8 in Fighting
  5177 | D:5      | Reached skill level 5 in Armour
  5186 | D:5      | Found a staircase to the Ecumenical Temple.
  5215 | D:5      | Noticed Sigmund
  5221 | D:5      | Killed Sigmund
  5222 | D:5      | Reached XP level 8. HP: 70/77 MP: 8/8
  5235 | Temple   | Entered the Ecumenical Temple
  5656 | D:5      | Found a shimmering blue altar of Sif Muna.
  5916 | D:6      | Reached skill level 9 in Fighting
  6416 | D:6      | Reached skill level 10 in Fighting
  6547 | D:6      | Reached XP level 9. HP: 76/85 MP: 9/9
  7174 | D:6      | Slain by an iguana

Illustrated notes

Levels and vault maps discovered:
D:1:      heliophobic_arrival_glass_houses, layout_loops_ring
D:2:      minmay_alternating_diamond, layout_loops_cross, serial_forest,
          infiniplex_forest_end_2, infiniplex_forest_straight_4,
          infiniplex_forest_end_3, infiniplex_forest_lined_ring,
          infiniplex_forest_lined_room_, dreamdust_ecumenical_altar_grove
D:3:      kennysheep_six_static_rooms, layout_loops_corners,
          pdpol_wu_jian_five_deadly_venoms, serial_glass, glass_columns_c,
          glass_columns_b, grunt_ministairs_13
D:4:      layout_basic, nicolae_hepliaklqana_hazy_memory, serial_park_tiny_pond,
          abandoned_shop, serial_bayou_pond_c, uniq_natasha, uniq_eustachio,
          uniq_blork_the_orc
D:5:      layout_loops_ring, hellmonk_okawaru_the_only_friend_you_need,
          overflow_temple_1_default, minmay_temple_entry_statues, uniq_sigmund
D:6:      layout_rooms, nicolae_ru_path_of_blood
Temple:   oiseaux_autumnal_temple

Skill      XL: |  1  2  3  4  5  6  7  8  9 |
---------------+----------------------------+-----
Fighting       | 3 4 5 6 7 8 10 | 10.0
Throwing       | 2 3 |  3.0
Armour         | 1 3 5 7 8 |  8.4
Maces & Flails | |  3.2
Dodging        | |  2.4

Action                     |  1- 3 |  4- 6 |  7- 9 || total
---------------------------+-------+-------+-------++-------
  Melee: Flail             |    74 |    90 |       ||   164
         Trident           |       |    61 |       ||    61
         Punch             |       |     2 |       ||     2
         Dire flail        |       |     9 |   136 ||   145
  Throw: Stone             |       |       |     5 ||     5
  Evoke: Wand              |       |       |     5 ||     5
    Use: Scroll            |       |     9 |     1 ||    10
         Potion            |       |       |     5 ||     5
   Stab: Sleeping          |     1 |       |       ||     1
 Armour: Leather armour    |    26 |    24 |       ||    50
         Scale mail        |       |    42 |   129 ||   171
  Dodge: Dodged            |    60 |    85 |   159 ||   304

Table legend: (Time is in decaauts)
 A = Elapsed time spent in this place.
 B = Non-inter-level travel time spent in this place.
 C = Inter-level travel time spent in this place.
 D = Time resting spent in this place.
 E = Time spent auto-exploring this place.
 F = Levels seen in this place.
 G = Mean time per level.
                   A        B        C        D        E       F      G
               +--------+--------+--------+--------+--------+-----+--------+
         Total |   7346 |   6917 |    429 |   1283 |   3981 |   7 | 1049.4 |
       Dungeon |   7305 |   6892 |    413 |   1283 |   3974 |   6 | 1217.5 |
        Temple |     40 |     24 |     16 |      0 |      7 |   1 |   40.0 |
               +--------+--------+--------+--------+--------+-----+--------+

Top non-repeatable levels by time:
     D:5: 1564 daAuts
     D:3: 1467 daAuts
     D:2: 1221 daAuts
     D:4: 1195 daAuts
     D:1: 1047 daAuts
     D:6: 809 daAuts
  Temple: 40 daAuts
